 Dungeon Sprint DCSS version 0.21-a0-91-ga5031da (webtiles) character file.

571 Kidiri the Insei (level 7, -26/58 HPs)
             Began as a Demonspawn Transmuter on June 28, 2017.
             Was an Elder of Wu Jian.
             Annihilated by Jicumexza the pandemonium lord (43 damage)
             ... in the Dungeon (Sprint V: "Ziggurat Sprint").
             The game lasted 00:04:28 (869 turns).

Kidiri the Insei (Demonspawn Transmuter)             Turns: 869, Time: 00:04:29

Health: -26/58     AC:  4    Str: 17      XL:     7   Next: 12%
Magic:  11/14      EV: 16    Int: 13 (16) God:    Wu Jian [****..]
Gold:   0          SH:  0    Dex: 19      Spells: 2/17 levels left

rFire    . . .     SeeInvis .     - Unarmed
rCold    . . .     Gourm    .   (shield currently unavailable)
rNeg     . . .     Faith    .   b - +0 robe
rPois    .         Spirit   .   (no helmet)
rElec    .         Reflect  .   (no cloak)
rCorr    .         Harm     .   (gloves currently unavailable)
MR       .....     NoTele   +   (no boots)
Stlth    +.........             (no amulet)
HPRegen  0.19/turn              y - +6 ring of dexterity
MPRegen  0.14/turn              C - +6 ring of strength

@: exhausted, blade hands, glowing, heavenly storm
A: molten scales 1, low mp 1
a: End Transformation, Serpent's Lash, Renounce Religion


You were in the Dungeon.
You worshipped Wu Jian.
Wu Jian was greatly pleased with you.
You were not hungry.
You had blades for hands.
You visited 1 branch

Inventory:

Missiles
 a - 1010 arrows
Armour
 b - a +0 robe (worn)
 I - +5 fire dragon scales
 J - +5 gold dragon scales
Jewellery
 y - a +6 ring of dexterity (left scythe-like blade)
 z - a +6 ring of dexterity
 A - a +6 ring of intelligence
 B - a +6 ring of intelligence
 C - a +6 ring of strength (right scythe-like blade)
 D - a +6 ring of strength
 K - an uncursed ring of protection from fire
Wands
 E - a wand of disintegration (7/24)
 F - a wand of iceblast (2/15)
 G - a wand of lightning (5/15)
 H - a wand of acid (5/15)
Scrolls
 j - 4 scrolls of blinking
 q - 4 scrolls of amnesia
 r - 3 scrolls of recharging
 s - 7 scrolls of fog
 t - 5 scrolls of identify
 u - 5 scrolls of remove curse
 v - 2 scrolls of fear
Potions
 e - 9 potions of curing
 f - 7 potions of heal wounds
 g - 6 potions of haste
 h - 7 potions of magic
 i - 3 potions of berserk rage
 k - 2 potions of brilliance
 l - 2 potions of invisibility
 m - 4 potions of resistance
 o - 5 potions of agility
 p - 5 potions of might
Books
 c - a book of Changes

   Spells                             Type                      Level
   a - Beastly Appendage              Transmutation                1
   b - Sticks to Snakes               Transmutation                2
   c - Spider Form                    Transmutation/Poison         3
   d - Ice Form                       Ice/Transmutation            4
   e - Blade Hands                    Transmutation                5
Comestibles
 d - 5 bread rations
 n - 6 chunks of flesh
 w - 42 fruits
 x - 4 meat rations


   Skills:
 * Level 6.2 Fighting
 + Level 3.5 Armour
 * Level 5.8 Dodging
 + Level 3.7 Stealth
 * Level 6.3 Unarmed Combat
 * Level 5.9 Spellcasting
 * Level 5.5 Transmutations
 + Level 1.3 Ice Magic
 + Level 1.6 Poison Magic
 + Level 4.1 Evocations


You had 2 spell levels left.
You knew the following spells:

 Your Spells              Type           Power        Failure   Level  Hunger
a - Beastly Appendage     Tmut           ###...       19%         1    None
b - Sticks to Snakes      Tmut           ###.....     24%         2    ##.....
c - Spider Form           Tmut/Pois      ##........   50%         3    ###....
d - Ice Form              Ice/Tmut       ##......     80%         4    ####...
e - Blade Hands           Tmut           ###.......   83%         5    ######.


Dungeon Overview and Level Annotations

Branches:
Dungeon (1/1)

Altars:
Ashenzari
Cheibriados
Dithmenos
Elyvilon
Fedhas
Gozag
Hepliaklqana
Kikubaaqudgha
Makhleb
Nemelex Xobeh
Okawaru
Qazlal
Ru
Sif Muna
Trog
Uskayaw
Vehumet
Wu Jian
Xom
Yredelemnul
Zin
The Shining One
Beogh
Jiyva
Lugonu

Annotations:
D 1 transporter


Innate Abilities, Weirdness & Mutations

You are partially covered in molten scales. (AC +2)
Your magical capacity is low. (-10% MP)


Message History

* * * LOW HITPOINT WARNING * * *
You feel much better.
Jicumexza gestures.
Unknown command.
You spin and attack Jicumexza.
You slice Jicumexza!!
Jicumexza is severely wounded.
You spin and attack the iron imp.
The iron imp blocks your attack.
You slash the iron imp, but do no damage.
The iron imp hits you but does no damage.
Jicumexza hits you but does no damage.
Unknown command.
Okay, then.
The air is filled with shimmering golden clouds!
Sifu Jiang Wei says: The storm will not cease as long as you keep fighting, disciple!
You can no longer summon a storm of heavenly clouds to empower your attacks.
The iron imp hits you.
* * * LOW HITPOINT WARNING * * *
Jicumexza hits you!!!
Ouch! That really hurt!
You die...

▓.▓....▓.▓.▓....▓.▓
▓........▓........▓
▓▓▓▓▓▓▓▓▓▓▓▓▓▓▓▓▓▓▓
▓..8©8..▓ ▓..}:=..▓
▓..:....▓ ▓§§§§...▓
▓§3&2...▓ ▓§@5§...▓
▓§§§§...▓ ▓§▓§§.▓.▓
▓.......▓ ▓▓▓▓▓▓▓▓▓


You could see Jicumexza, a reaper, a neqoxec and an iron imp.

Vanquished Creatures
  An orange demon (D)
  A water moccasin (D)
  A quasit (D)
  A crimson imp (D)
  An orc priest (D)
  An iron imp (D)
  An orc wizard (D)
  2 adders (D)
  2 river rats (D)
  A shadow imp (D)
  A white imp (D)
  An adder skeleton (D)
  2 orcs (D)
  A bat skeleton (D)
  2 jackals (D)
  2 ball pythons (D)
21 creatures vanquished.

Notes
Turn   | Place    | Note
-------+----------+-------------------------------------------
     0 | D        | Kidiri the Demonspawn Transmuter began the quest for the Orb.
     0 | D        | Reached XP level 1. HP: 15/15 MP: 3/3
     0 | D        | Found a deep blue altar of Sif Muna.
     0 | D        | Found a sacrificial altar of Ru.
     0 | D        | Found a bloodstained altar of Trog.
     0 | D        | Found a stormy altar of Qazlal.
     0 | D        | Found an iron altar of Okawaru.
     0 | D        | Found a sparkling altar of Nemelex Xobeh.
     0 | D        | Found a blossoming altar of Fedhas.
     2 | D        | Found a transporter.
     2 | D        | Found an ancient bone altar of Kikubaaqudgha.
     2 | D        | Found a viscous altar of Jiyva.
     2 | D        | Found a corrupted altar of Lugonu.
     2 | D        | Found a hazy altar of Hepliaklqana.
     2 | D        | Found a burning altar of Makhleb.
     2 | D        | Found an opulent altar of Gozag.
    41 | D        | Reached skill level 1 in Armour
    41 | D        | Reached skill level 1 in Stealth
    41 | D        | Reached skill level 1 in Evocations
    41 | D        | Gained mutation: You are partially covered in molten scales. (AC +2) [demonic ancestry]
    41 | D        | Reached XP level 2. HP: 24/24 MP: 4/6
    45 | D        | Learned a level 2 spell: Sticks to Snakes
    53 | D        | Became a worshipper of the Wu Jian Council
    69 | D        | Entered arena 2.
    69 | D        | Found a transporter.
   132 | D        | Entered arena 3.
   132 | D        | Noticed an orange demon
   132 | D        | Found a transporter.
   138 | D        | Reached * piety under Wu Jian
   138 | D        | Reached XP level 3. HP: 20/29 MP: 1/8
   142 | D        | Killed an orange demon
   142 | D        | Reached skill level 5 in Fighting
   142 | D        | Reached skill level 5 in Dodging
   142 | D        | Reached skill level 5 in Unarmed Combat
   142 | D        | Reached skill level 5 in Spellcasting
   142 | D        | Reached skill level 5 in Transmutations
   142 | D        | Reached XP level 4. HP: 16/39 MP: 2/11
   142 | D        | Reached XP level 5. HP: 19/44 MP: 2/12
   142 | D        | Reached XP level 6. HP: 22/51 MP: 2/13
   158 | D        | Learned a level 3 spell: Spider Form
   163 | D        | Learned a level 4 spell: Ice Form
   169 | D        | Learned a level 5 spell: Blade Hands
   358 | D        | Entered arena 4.
   358 | D        | Found a transporter.
   367 | D        | Reached ** piety under Wu Jian
   370 | D        | Reached skill level 1 in Poison Magic
   708 | D        | Entered arena 5.
   708 | D        | Found a transporter.
   709 | D        | Reached *** piety under Wu Jian
   729 | D        | Entered arena 6.
   729 | D        | Noticed a water moccasin
   729 | D        | Found a transporter.
   731 | D        | Reached **** piety under Wu Jian
   735 | D        | Killed a water moccasin
   736 | D        | Reached skill level 1 in Ice Magic
   856 | D        | Entered arena 7.
   856 | D        | Noticed Jicumexza the pandemonium lord
   856 | D        | Noticed a neqoxec
   857 | D        | Found a transporter.
   859 | D        | Reached XP level 7. HP: 58/58 MP: 9/15
   860 | D        | Reached ***** piety under Wu Jian
   864 | D        | Gained mutation: Your magical capacity is low. (-10% MP) [a neqoxec]
   866 | D        | HP: 2/58 [Jicumexza the pandemonium lord (29)]
   868 | D        | Noticed a reaper
   869 | D        | Annihilated by Jicumexza the pandemonium lord

Vault maps used:
D:        sprint_v

Skill      XL: |  1  2  3  4  5  6 |
---------------+-------------------+-----
Fighting       | 3 5 6 |  6.2
Armour         | 1 3 |  3.5
Dodging        | 3 5 |  5.8
Stealth        | 1 3 |  3.7
Unarmed Combat | 3 4 5 6 |  6.3
Spellcasting   | 3 5 |  5.9
Transmutations | 3 5 |  5.5
Evocations     | 1 2 3 4 |  4.1
Poison Magic   | 1 |  1.6
Ice Magic      | 1 |  1.3

Action                   |  1- 3 |  4- 6 |  7- 9 || total
-------------------------+-------+-------+-------++-------
Melee: Unarmed           |    10 |    28 |    13 ||    51
       Kick              |     1 |     1 |       ||     2
       Punch             |       |       |     1 ||     1
 Cast: Sticks to Snakes  |     2 |       |       ||     2
       Beastly Appendage |     2 |       |       ||     2
       Spider Form       |       |     1 |       ||     1
       Blade Hands       |       |     1 |       ||     1
       Ice Form          |       |     1 |       ||     1
Invok: Serpent's Lash    |       |     1 |       ||     1
       Heavenly Storm    |       |       |     1 ||     1
Evoke: Wand              |     3 |       |       ||     3
  Use: Potion            |     2 |       |     3 ||     5
 Stab: Sleeping          |       |     1 |       ||     1
  Eat: Chunk             |       |     1 |       ||     1
Armor: Robe              |     6 |       |     3 ||     9
Dodge: Dodged            |    19 |    23 |     3 ||    45
